 Dungeon Crawl Stone Soup version 0.31.0-32-g396128a36d (webtiles) character file.

Game seed: 10279789069526380899

2487 trashops the Cleaver (level 9, -4/79 HPs)
             Began as a Hill Orc Fighter on Apr 7, 2024.
             Was a Believer of Beogh.
             Killed by divine providence
             ... invoked by an orc priest
              (15 damage)
             ... on level 6 of the Dungeon.
             The game lasted 00:12:16 (6030 turns).

trashops the Cleaver (Hill Orc Fighter)             Turns: 6030, Time: 00:12:17

Health: -4/79      AC: 15    Str: 23    XL:     9   Next: 52%
Magic:  9/9        EV:  9    Int:  6    God:    Beogh [**....]
Gold:   347        SH:  4    Dex: 10    Spells: 8/8 levels left

rFire   . . .        s - +5 hammer of Red Wine {freeze, rElec rC++ Int-2 Stlth+}
rCold   + + .        c - +0 buckler
rNeg    . . .        b - +0 scale mail
rPois   .            e - +0 helmet
rElec   +            r - +2 cloak
rCorr   .            g - +1 pair of gloves
SInv    .            (no boots)
Will    .....        (no amulet)
Stlth   +            (no ring)
HPRegen 0.33/turn    (no ring)
MPRegen 0.11/turn

%: no passive effects
@: mighty
A: no striking features
a: Renounce Religion, Smiting


You were on level 6 of the Dungeon.
You worshipped Beogh.
Beogh was pleased with you.
You visited 1 branch of the dungeon, and saw 6 of its levels.
You also visited: Sewer.

You collected 347 gold pieces.

Inventory:

Hand Weapons
 a - a +1 war axe
 q - a +4 quarterstaff of chaos
 s - the +5 hammer of Red Wine (weapon) {freeze, rElec rC++ Int-2 Stlth+}
   (You found it on level 4 of the Dungeon)

   Int-2:     It affects your intelligence (-2).
   rC++:      It greatly protects you from cold.
   rElec:     It insulates you from electricity.
   Stlth+:    It makes you more stealthy.
Armour
 b - a +0 scale mail (worn)
 c - a +0 buckler (worn)
 e - a +0 helmet (worn)
 g - a +1 pair of gloves (worn)
 r - a +2 cloak (worn)
Jewellery
 d - an amulet of guardian spirit
 n - a ring of ice
Talismans
 i - a beast talisman
 l - a flux talisman
Wands
 k - a wand of flame (36)
Scrolls
 h - 2 scrolls of revelation
 m - 2 scrolls of identify
Potions
 f - 2 potions of magic
 j - a potion of curing
 p - 4 potions of enlightenment


   Skills:
 * Level 7.3 Fighting
 + Level 8.6(10.1) Axes
 * Level 6.9(8.3) Maces & Flails
 * Level 7.6 Armour
 + Level 4.6 Shields


You had 8 spell levels left.
You didn't know any spells.
Your spell library contained the following spells:

 Spells                   Type           Power      Damage    Failure   Level
 Lesser Beckoning         Tloc           0%         N/A       90%         2
 Gell's Gravitas          Tloc           0%         N/A       99%         3
 Teleport Other           Tloc           0%         N/A       99%         3
 Haunt                    Necr/Summ      0%         N/A       100%        7
 Borgnjor's Revivificati  Necr           0%         N/A       100%        8
 Death's Door             Necr           0%         N/A       100%        9


Dungeon Overview and Level Annotations

Branches:
Dungeon (6/15)              Sewer (visited)
 Temple: D:4-7

Altars:
Ashenzari
Gozag

Shops:
D:3 [[(   D:5 ?


Message History

Beogh smites you!
The bullfrog skeleton attacks as it pursues you!
The bullfrog skeleton barely misses you.
The orc priest roars, "Die, infidel!"
The orc priest calls down the wrath of Beogh upon you.
Beogh smites you!
The bullfrog skeleton hits you but does no damage.
The orc priest calls down the wrath of Beogh upon you.
Beogh smites you!
The bullfrog skeleton attacks as it pursues you!
The bullfrog skeleton hits you.
* * * LOW HITPOINT WARNING * * *
Okay, then.
You feel better. The bullfrog skeleton hits you.
You feel very mighty all of a sudden.
The bullfrog skeleton closely misses you.
The orc priest hits you but does no damage.
The bullfrog skeleton barely misses you.
You closely miss the orc priest.
The orc priest calls down the wrath of Beogh upon you.
Beogh smites you!
* * * LOW HITPOINT WARNING * * *
You block the bullfrog skeleton's attack.
A water moccasin skeleton comes into view.
You completely miss the orc priest.
The orc priest hits you but does no damage.
The bullfrog skeleton barely misses you.
You sock the orc priest! You freeze the orc priest.
The orc priest is severely wounded.
The bullfrog skeleton hits you.
* * * LOW HITPOINT WARNING * * *
The orc priest hits you with a +0 short sword.
* * * LOW HITPOINT WARNING * * *
The bullfrog skeleton barely misses you.
You closely miss the orc priest.
The orc priest is severely wounded.
The orc priest invokes the aid of Beogh against you.
Beogh smites you!
You die...
Beogh appreciates the orc priest's killing of a heretic priest.

....... ...
........#.#.....##...
........#.#.....#....
#......Z..#.........?
.....................
...........##........
...........#.........
.......o....<##......
#...o@Z........##..
##..#...).....## #.
#........## ..
#........# ..
#.........# ..
...#......... .
##...#.......... .
.<...#......#... ..
##..........>...


You could see 2 orc priests, a water moccasin skeleton and a bullfrog skeleton.

Vanquished Creatures
  5 yaks (D:5)
  A black bear (D:5)
  An ice beast (D:5)
  2 ogres
  A centaur (D:5)
  2 phantoms (D:5)
  2 kobold brigands (Sewer)
  7 scorpions
  A howler monkey (D:5)
  2 hounds (D:5)
  2 orc priests (D:3)
  Crazy Yiuf (D:4)
  2 jellies (D:5)
  A centaur skeleton (D:6)
  An iguana (D:5)
  4 orc wizards
  7 adders
  3 river rats (Sewer)
  2 ufetubi
  5 dart slugs
  4 ribbon worms
  15 orcs
  7 ball pythons
  4 endoplasms
  A giant cockroach (D:4)
  8 goblins
  6 hobgoblins
  13 kobolds
  A quokka (D:1)
  15 bats
  3 frilled lizards
  7 rats
136 creatures vanquished.

Vanquished Creatures (others)
  A hobgoblin (D:3)
1 creature vanquished.

Grand Total: 137 creatures vanquished

Notes
Turn   | Place    | Note
-------+----------+-------------------------------------------
     0 | D:1      | trashops the Hill Orc Fighter began the quest for the Orb.
     0 | D:1      | Reached XP level 1. HP: 19/19 MP: 1/1
    84 | D:1      | Reached XP level 2. HP: 27/27 MP: 2/2
   148 | D:1      | Reached skill level 3 in Axes
   324 | D:1      | Reached XP level 3. HP: 26/33 MP: 3/3
   546 | D:1      | Found a faded altar of an unknown god.
  1045 | D:2      | Noticed an ogre
  1052 | D:2      | Killed an ogre
  1053 | D:2      | Reached skill level 5 in Axes
  1053 | D:2      | Reached XP level 4. HP: 41/41 MP: 4/4
  1053 | D:2      | Reached XP level 5. HP: 47/47 MP: 5/5
  1104 | D:3      | Found Pympuh's Antique Weapon Shop.
  1315 | D:3      | Became a worshipper of Beogh the Brigand
  1341 | D:3      | Found Ocid Iseas's Armour Boutique.
  1403 | D:3      | Found an opulent altar of Gozag.
  1436 | D:3      | Reached skill level 6 in Axes
  1487 | D:3      | Found Kugh's Armour Shoppe.
  1542 | D:3      | Found a broken altar of Ashenzari.
  1562 | D:3      | Reached XP level 6. HP: 20/55 MP: 6/6
  1663 | D:3      | Found Xeizor's Antique Weapon Shoppe.
  2168 | D:4      | Reached skill level 5 in Fighting
  2168 | D:4      | Reached skill level 7 in Axes
  2311 | D:4      | Reached XP level 7. HP: 41/61 MP: 7/7
  2379 | D:4      | Found a glowing drain.
  2401 | Sewer    | Entered a sewer
  2413 | Sewer    | Reached * piety under Beogh
  2548 | Sewer    | Reached skill level 8 in Axes
  2548 | Sewer    | Reached skill level 5 in Armour
  2689 | Sewer    | Found a white marble altar of Elyvilon.
  2814 | D:4      | Identified the +1 robe of Moapsi {rF+ Dex+4 Slay-2
                  | Archmagi}
  3243 | D:4      | Found a runed translucent door.
  3244 | D:4      | Noticed Crazy Yiuf
  3251 | D:4      | Killed Crazy Yiuf
  3256 | D:4      | Identified the +5 hammer of Red Wine {freeze, rElec rC++
                  | Int-2 Stlth+}
  3666 | D:5      | Entered Level 5 of the Dungeon
  4238 | D:5      | Reached XP level 8. HP: 19/70 MP: 8/8
  4551 | D:5      | Found Ozat's Magic Scroll Emporium.
  4691 | D:5      | Reached skill level 1 in Maces & Flails
  5218 | D:6      | Noticed a yak
  5218 | D:6      | Noticed a yak
  5218 | D:6      | Noticed a yak
  5218 | D:6      | Noticed a yak
  5218 | D:6      | Noticed a yak
  5224 | D:5      | Killed a yak
  5237 | D:5      | Killed a yak
  5238 | D:5      | Reached skill level 5 in Maces & Flails
  5249 | D:5      | Killed a yak
  5250 | D:5      | Reached XP level 9. HP: 51/78 MP: 9/9
  5255 | D:5      | Reached ** piety under Beogh
  6030 | D:6      | Killed from afar by an orc priest

Illustrated notes

Levels and vault maps discovered:
D:1:      dpeg_arrival_ternary, layout_basic, shapermc_ecumenical_altar_petra,
          minmay_indecisive_spiral
D:2:      layout_rooms
D:3:      layout_basic, old_standard_altar, mainiacjoe_overflow_boulevard,
          serial_shops, nicolae_shop_hallway_plus, shop_coins,
          nicolae_shop_stone, nicolae_shop_advertising_works
          [nicolae_subvault_shop_adworks], minmay_surrounded
D:4:      layout_basic, cheibrodos_sewer_entry_bend, uniq_crazy_yiuf_cottage
D:5:      old_forge, layout_layer_cave, serial_shops, shop
D:6:      layout_cave_pools, mainiacjoe_overflow_paths, fedhas_altar_4,
          minmay_temple_entry_proselytizer, serial_shops, shop, serial_undead,
          serial_undead_c, serial_undead_c, serial_undead_d, serial_undead_c,
          serial_undead_c, serial_undead_f, serial_undead_c

Skill      XL: |  1  2  3  4  5  6  7  8  9 |
---------------+----------------------------+-----
Axes           | 3 5 6 7 8 |  8.6
Fighting       | 4 5 6 7 |  7.3
Armour         | 4 5 7 |  7.6
Maces & Flails | 5 6 |  6.9
Shields        | 4 |  4.6

Action                     |  1- 3 |  4- 6 |  7- 9 || total
---------------------------+-------+-------+-------++-------
  Melee: War axe           |    73 |    99 |    57 ||   229
         Mace              |       |       |   204 ||   204
 Invoke: Convert to Beogh  |       |     1 |       ||     1
    Use: Potion            |     4 |     5 |     7 ||    16
         Scroll            |     3 |     3 |     3 ||     9
   Stab: Invisible         |       |     1 |       ||     1
 Armour: Scale mail        |    50 |    74 |   383 ||   507
  Dodge: Dodged            |    45 |    39 |   200 ||   284
  Block: Buckler           |    15 |    23 |    91 ||   129
